 Dungeon Crawl Stone Soup version 0.24.0-7-gb3623d2c88 (webtiles) character file.

Game seed: 16799596668200988828, levelgen mode: deterministic

98 Gumption the Conjurer (level 4, 0/24 HPs)
             Began as a Tengu Conjurer on Nov 2, 2019.
             Slain by Grinder (2 damage)
             ... on level 3 of the Dungeon.
             The game lasted 00:32:04 (2814 turns).

Gumption the Conjurer (Tengu Conjurer)              Turns: 2814, Time: 00:32:04

Health: 0/24       AC:  3    Str:  8    XL:     4   Next: 69%
Magic:  3/9        EV: 12    Int: 16    God:
Gold:   121        SH:  0    Dex: 15    Spells: 2/8 levels left

rFire    . . .     SeeInvis .   a - +1 dagger (drain)
rCold    . . .     Gourm    .   (no shield)
rNeg     . . .     Faith    .   h - -1 leather armour (curse)
rPois    .         Spirit   .   (helmet restricted)
rElec    .         Reflect  .   t - +0 cloak
rCorr    .         Harm     .   (no gloves)
MR       .....                  (boots unavailable)
Stlth    ++........             (no amulet)
HPRegen  0.08/turn              (no ring)
MPRegen  0.11/turn              (no ring)

@: very slightly contaminated, lightly drained
A: beak, talons 3
a: no special abilities


You were on level 3 of the Dungeon.
You were not hungry.

You visited 1 branch of the dungeon, and saw 3 of its levels.

You collected 121 gold pieces.

Inventory:

Hand Weapons
 a - a +1 dagger of draining (weapon)
 n - a +0 hunting sling
Missiles
 b - 210 stones (quivered)
 m - 36 sling bullets
 q - 5 curare-tipped darts
Armour
 h - a cursed -1 leather armour (worn)
 t - a +0 cloak (worn)
 x - a +0 leather armour
Magical Staves
 w - an uncursed staff of air
Jewellery
 j - an uncursed ring of protection from cold {unknown}
 v - a +6 ring of dexterity {unknown}
Scrolls
 d - a scroll of enchant weapon {unknown}
 f - a scroll of blinking {unknown}
 g - 2 scrolls of teleportation
 i - a scroll of fog {unknown}
 l - a scroll of remove curse {unknown}
 s - a scroll of fear {unknown}
 u - a scroll of identify
Potions
 c - 2 potions of magic
 p - a potion of flight
Comestibles
 e - 4 rations
 r - 6 chunks of flesh


   Skills:
 - Level 2.1(1.8) Dodging
 - Level 2.0(1.6) Stealth
 + Level 2.9(2.5) Spellcasting
 * Level 7.1(6.7) Conjurations


You had 2 spell levels left.
You knew the following spells:

 Your Spells              Type           Power        Failure   Level  Hunger
a - Magic Dart            Conj           ###.         1%          1    #......
b - Searing Ray           Conj           ###...       2%          2    ##.....
c - Dazzling Spray        Conj/Hex       ##....       22%         3    ###....

Your spell library contained the following spells:

 Spells                   Type           Power        Failure   Level  Hunger
 Iskenderun's Mystic Bla  Conj           ###.....     19%         4    #####..
 Force Lance              Conj/Tloc      ##......     56%         4    #####..
 Fulminant Prism          Conj/Hex       ##........   56%         4    #####..


Dungeon Overview and Level Annotations

Branches:
Dungeon (3/15)

Altars:
Ashenzari
Elyvilon
Zin

Annotations:
D:3 Grinder


Innate Abilities, Weirdness & Mutations

You have a beak for a mouth.
You have claws for feet.


Message History

Press: ? - help, Shift-Dir - straight line, f - Grinder, p - orc
Aim: Grinder The searing ray hits Grinder but does no damage. (Press . to maintain the ray.)
The searing ray hits Grinder!
Grinder is lightly wounded.
The searing ray hits Grinder.
Grinder is moderately wounded.
Grinder gestures at you. You resist with significant effort.
The searing ray hits Grinder!
Grinder is heavily wounded.
The searing ray hits the orc!
You kill the orc!
You finish channeling your searing ray.
Grinder gestures at you. Pain shoots through your body!
* * * LOW HITPOINT WARNING * * *
Grinder hits you.
You die...

...#####......[.##. #.# ....
...†.........############.#
...#
.......#..###.......#.....#
...#
.##..#...............#.#####
.....#..#....#.......#.#
#..........##.......#.#
...#..... #..#......÷÷.#
........####.........###
#.%)5@.#.......#
################


You could see Grinder.

Vanquished Creatures
  3 adders
  2 oozes
  A worm (D:2)
  A dart slug (D:2)
  5 leopard geckos
  2 orcs (D:3)
  A giant cockroach (D:3)
  11 goblins
  5 hobgoblins
  A kobold (D:1)
  A quokka (D:2)
  2 ball pythons
  6 bats
  3 frilled lizards
  7 rats
51 creatures vanquished.

Notes
Turn   | Place    | Note
-------+----------+-------------------------------------------
     0 | D:1      | Gumption the Tengu Conjurer began the quest for the Orb.
     0 | D:1      | Reached XP level 1. HP: 10/10 MP: 4/4
   308 | D:1      | Reached XP level 2. HP: 15/15 MP: 3/6
   312 | D:1      | Learned a level 2 spell: Searing Ray
   785 | D:1      | Reached skill level 6 in Conjurations
  1099 | D:2      | Reached XP level 3. HP: 19/19 MP: 1/7
  1104 | D:2      | Learned a level 3 spell: Dazzling Spray
  1370 | D:2      | Found a transporter.
  1391 | D:2      | Found a transporter.
  1408 | D:2      | Found a shattered altar of Ashenzari.
  1860 | D:2      | Reached XP level 4. HP: 24/24 MP: 3/9
  2106 | D:2      | Found a white marble altar of Elyvilon.
  2197 | D:2      | Found a glowing silver altar of Zin.
  2490 | D:3      | Reached skill level 7 in Conjurations
  2784 | D:3      | Noticed Grinder
  2786 | D:3      | Paralysed by Grinder for 3 turns
  2797 | D:3      | Paralysed by Grinder for 7 turns
  2814 | D:3      | Slain by Grinder

Levels and vault maps discovered:
D:1:      minmay_arrival_pointy, layout_basic
D:2:      layout_basic, gammafunk_temple_overflow_arena,
          overflow_temple_1_default, lemuel_doored_altar, serial_corexii_hall,
          corexii_hall_statues_x, corexii_hall_statues_x,
          chequers_hall_statues_wall_a, corexii_hall_statues_s
D:3:      layout_loops_cross, amethyst_overflow_temple_binary, uniq_grinder

Skill      XL: |  1  2  3  4 |
---------------+-------------+-----
Conjurations   | 6 7 |  7.1
Dodging        | |  2.1
Stealth        | |  2.0
Spellcasting   | |  2.9

Action                   |  1- 3 |  4- 6 || total
-------------------------+-------+-------++-------
Melee: Dagger            |     2 |     1 ||     3
       Kick              |     1 |       ||     1
 Cast: Magic Dart        |    59 |    34 ||    93
       Searing Ray       |     3 |     5 ||     8
  Use: Scroll            |     4 |       ||     4
       Potion            |       |     2 ||     2
  Eat: Chunk             |     4 |     3 ||     7
Armor: Robe              |     4 |       ||     4
       Leather armour    |       |     1 ||     1
Dodge: Dodged            |    19 |     4 ||    23
